 Dungeon Crawl Stone Soup version 0.31.0-11-ge490571c62 (webtiles) character file.

Game seed: 6796238819557703520

5120 browni3141 the Cleaver (level 10, -3/91 HPs)
             Began as a Minotaur Fighter on Jan 28, 2024.
             Was an Elder of Okawaru.
             Slain by an ice devil (18 damage)
             ... summoned by a kobold demonologist
             ... on level 9 of the Dungeon.
             The game lasted 00:04:28 (7704 turns).

browni3141 the Cleaver (Minotaur Fighter)           Turns: 7704, Time: 00:04:28

Health: -3/91      AC:  8    Str: 31    XL:     10   Next: 32%
Magic:  8/9        EV: 10    Int:  5    God:    Okawaru [****..]
Gold:   517        SH: 11    Dex: 10    Spells: 9/9 levels left

rFire   . . .        a - +0 war axe (venom)
rCold   . . .        c - +0 buckler
rNeg    . . .        b - +0 scale mail
rPois   +            (helmet restricted)
rElec   .            (no cloak)
rCorr   .            (no gloves)
SInv    .            (no boots)
Will    .....        y - amulet of reflection Stlth
                     r - ring of poison resistance
HPRegen 0.35/turn    H - +6 ring of strength
MPRegen 0.11/turn

%: reflection
@: no status effects
A: horns 2, retaliatory headbutt
a: Renounce Religion, Heroism, Finesse


You were on level 9 of the Dungeon.
You worshipped Okawaru.
Okawaru was greatly pleased with you.
You visited 2 branches of the dungeon, and saw 10 of its levels.
You also visited: Sewer.

You collected 556 gold pieces.
You spent 39 gold pieces at shops.

Inventory:

Hand Weapons
 a - a +0 war axe of venom (weapon)
Missiles
 E - 19 boomerangs (quivered)
Armour
 b - a +0 scale mail (worn)
 c - a +0 buckler (worn)
Jewellery
 r - a ring of poison resistance (left hand)
 v - a ring of flight
 x - an amulet of magic regeneration
 y - an amulet of reflection (around neck)
 H - a +6 ring of strength (right hand)
 K - an amulet of regeneration
Wands
 t - a wand of roots (10)
 I - a wand of flame (18)
Scrolls
 e - 2 scrolls of vulnerability
 h - a scroll of fog
 j - 9 scrolls of revelation
 k - 2 scrolls of blinking {unknown}
 m - 2 scrolls of fear {unknown}
 p - a scroll of summoning {unknown}
 q - 2 scrolls of enchant weapon {unknown}
 s - 3 scrolls of noise
 u - a scroll of silence {unknown}
 w - a scroll of amnesia {unknown}
 A - 2 scrolls of enchant armour {unknown}
 C - 2 scrolls of poison {unknown}
 D - 2 scrolls of teleportation {unknown}
 J - a scroll of torment {unknown}
Potions
 d - 3 potions of might
 f - 3 potions of curing
 g - a potion of berserk rage {unknown}
 i - 3 potions of degeneration
 l - 2 potions of attraction {unknown}
 n - 3 potions of lignification {unknown}
 o - a potion of resistance {unknown}
 z - a potion of invisibility {unknown}
 B - 2 potions of enlightenment
 F - a potion of ambrosia {unknown}
 G - a potion of brilliance {unknown}


   Skills:
 + Level 9.1 Fighting
 * Level 11.8 Axes
 + Level 9.0 Armour
 + Level 9.0 Shields


You had 9 spell levels left.
You didn't know any spells.
Your spell library contained the following spells:

 Spells                   Type           Power      Damage    Failure   Level
 Necrotise                Necr           0%         1d4       73%         1
 Scorch                   Fire           0%         2d5       86%         2
 Dazzling Flash           Conj/Hex       0%         N/A       97%         3
 Mephitic Cloud           Conj/Alch/Air  0%         N/A       97%         3
 Ozocubu's Armour         Ice            0%         N/A       97%         3
 Vampiric Draining        Necr           0%         2d6       97%         3
 Flame Wave               Conj/Fire      0%         2d4       100%        4
 Curse of Agony           Necr           0%         N/A       100%        5
 Metabolic Englaciation   Hex/Ice        0%         N/A       100%        5
 Silence                  Hex/Air        0%         N/A       100%        5
 Eringya's Noxious Bog    Alch           0%         4d6       100%        6
 Martyr's Knell           Necr/Summ      Unusable   N/A       N/A         4
 Summon Forest            Summ/Tloc      Unusable   N/A       N/A         5
 Sculpt Simulacrum        Ice/Alch       Unusable   N/A       N/A         6
 Summon Cactus Giant      Summ           Unusable   N/A       N/A         6
 Summon Hydra             Summ           Unusable   N/A       N/A         7

Dungeon Overview and Level Annotations

Branches:
Dungeon (9/15)             Temple (1/1) D:5           Sewer (visited)
   Lair: D:8-11         Orc: D:9-12

Altars:
Ashenzari
Cheibriados
Dithmenos
Elyvilon
Fedhas
Gozag
Hepliaklqana
Kikubaaqudgha
Nemelex Xobeh
Okawaru
Qazlal
Ru
Sif Muna
Trog
Uskayaw
Vehumet
Wu Jian
Xom
Yredelemnul
Zin
The Shining One

Shops:
D:1 ((   D:2 !   D:3 :


Innate Abilities, Weirdness & Mutations

You have a pair of horns on your head.
You reflexively headbutt those who attack you in melee.


Message History

The ufetubus disappears in a puff of smoke!
The kobold throws a stone.
You block the stone with an invisible shield... and reflect it back!
The stone hits the kobold but does no damage.
The kobold is engulfed in a cloud of scalding steam.
The kobold dies!
The ufetubus misses you.
The ufetubus hits you but does no damage.
The white imp lashes its tail.
The ufetubus is engulfed in a cloud of scalding steam.
You block the ufetubus's attack.
The ufetubus hits you but does no damage.
You slash the ynoxinul! Your headbutt misses the ynoxinul.
The ynoxinul is almost dead.
You closely miss the ufetubus. You slash the chaos spawn!
You barely miss the kobold brigand. You hit the kobold demonologist.
You slash the ufetubus!
You kill the ufetubus!
The ufetubus disappears in a puff of smoke!
The ufetubus is engulfed in a cloud of scalding steam.
The ufetubus dies!
The ufetubus disappears in a puff of smoke!
The ynoxinul misses you.
The kobold throws a stone.
You block the stone with an invisible shield... and reflect it back!
The stone closely misses the kobold.
The stone hits the kobold but does no damage.
You block the kobold brigand's attack.
The kobold demonologist mumbles some strange words.
The ufetubus closely misses you.
The ufetubus hits you but does no damage.
The ynoxinul hits you.
You closely miss the kobold demonologist.
Your headbutt misses the kobold demonologist.
The kobold demonologist is lightly wounded.
You hit the ice devil. You closely miss the kobold. You hit the ynoxinul.
You slash the ufetubus!
The ufetubus is poisoned.
You hit the chaos spawn. You closely miss the kobold brigand.
The kobold is engulfed in a cloud of scalding steam.
The kobold dies!
The kobold misses you. You block the kobold brigand's attack.
You block the kobold demonologist's attack.
The chaos spawn barely misses you.
The white imp grins evilly.
The ufetubus barely misses you. The ufetubus closely misses you.
The ice devil barely misses you.
You barely miss the kobold demonologist.
You headbutt the kobold demonologist, but do no damage.
The kobold demonologist is lightly wounded.
You barely miss the ice devil. You slash the kobold!
You kill the kobold!
You slash the ynoxinul!
You kill the ynoxinul!
The ynoxinul disappears in a puff of smoke!
The ufetubus disappears in a puff of smoke! x2
You slash the ufetubus!
You kill the ufetubus!
The ufetubus disappears in a puff of smoke!
You hit the chaos spawn but do no damage.
The chaos spawn is poisoned.
You hit the kobold brigand but do no damage.
The crimson imp blinks!
The kobold demonologist hits you but does no damage.
The kobold brigand hits you but does no damage.
You block the chaos spawn's attack. The ice devil hits you!
The ice devil freezes you!!
You slice the kobold demonologist!!
The kobold demonologist looks as sick as possible!
You headbutt the kobold demonologist!
You kill the kobold demonologist!
Okawaru is honoured by your kill.
You can now speed up your combat.
The crimson imp disappears in a puff of smoke!
You barely miss the white imp. You slash the kobold demonologist!
The kobold demonologist is poisoned.
You closely miss the chaos spawn. You slash the kobold brigand!
The kobold brigand is poisoned.
You slash the ice devil! You closely miss the kobold.
The kobold hits you but does no damage. You block the kobold brigand's attack.
The chaos spawn tentacle-slaps you but does no damage.
You block the kobold demonologist's attack.
The white imp barely misses you. The ice devil hits you!
The ice devil freezes you!
Your life force feels restored.
Your Armour skill increases to level 9!
Your Shields skill increases to level 9!
Unknown command.
You feel better. You block the kobold's attack.
The kobold hits you with a +0 whip.
The kobold brigand hits you with a +0 dagger.
You block the chaos spawn's attack.
The kobold demonologist mumbles some strange words.
The white imp hits you. The white imp freezes you.
The ice devil closely misses you.
The smoke demon hits you but does no damage.
The smoke demon hits you. The smoke demon barely misses you.
You feel better. You block the kobold's attack.
The kobold demonologist hits you with a +0 dagger.
The kobold hits you but does no damage. You block the kobold brigand's attack.
The chaos spawn stings you but does no damage.
The white imp barely misses you. The ice devil hits you.
The ice devil freezes you!!
You die...

########..#
#.........#
#.........###
#............
#.<.........
#.........#
#....5....#
#...543.§.#
#...K@4...#
#..§KKK.§.#
#....5...§#
#..§.........
#............
#.........###
########..#
..#


You could see an ice devil (summoned), a kobold demonologist (very poisoned), a
smoke demon (summoned), a chaos spawn (summoned, very poisoned), a kobold
brigand (very poisoned), a quasit (summoned), 2 white imps and 2 kobolds.

Vanquished Creatures
  A two-headed ogre (D:8)
  A kobold demonologist (D:9)
  Sigmund (D:3)
  A human (D:7)
  A wyvern (D:8)
  A wraith (D:8)
  3 hogs (D:7)
  A yak (D:7)
  Eustachio (D:6)
  Edmund (D:6)
  A sky beast (D:7)
  An ice beast (D:5)
  A black bear (D:6)
  3 ogres
  A centaur (D:6)
  2 kobold brigands (D:9)
  A bullfrog (D:6)
  A brain worm (Sewer)
  2 scorpions
  2 gnoll sergeants
  A burial acolyte (D:6)
  6 wights
  5 killer bees (D:7)
  3 howler monkeys (D:8)
  A bombardier beetle (D:3)
  A hound (D:6)
  A jelly (D:7)
  2 orc priests (D:5)
  8 iguanas
  6 orc wizards
  Ijyb (D:3)
  A sleepcap (D:6)
  18 gnolls
  2 river rats (Sewer)
  8 adders
  4 shadow imps
  2 white imps (D:7)
  3 adder zombies (D:6)
  A dart slug (Sewer)
  10 ribbon worms
  28 orcs
  13 ball pythons
  10 endoplasms
  6 giant cockroaches
  13 goblins
  10 hobgoblins
  5 jackals (Sewer)
  29 kobolds
  6 quokkas
  19 bats
  4 frilled lizards
  3 rats (D:1)
257 creatures vanquished.

Vanquished Creatures (others)
  2 kobolds (D:9)
2 creatures vanquished.

Grand Total: 259 creatures vanquished

Notes
Turn   | Place    | Note
-------+----------+-------------------------------------------
     0 | D:1      | browni3141 the Minotaur Fighter began the quest for the
                  | Orb.
     0 | D:1      | Reached XP level 1. HP: 19/19 MP: 0/0
    71 | D:1      | Reached XP level 2. HP: 22/27 MP: 1/1
    78 | D:1      | Reached skill level 3 in Axes
   124 | D:1      | Found Piuseo's Weapon Boutique.
   497 | D:1      | Reached XP level 3. HP: 32/33 MP: 2/2
   507 | D:1      | Found Nufaq's Antique Weapon Shoppe.
   977 | D:2      | Found Bacippah's Distillery.
   981 | D:2      | Bought a potion of curing for 39 gold pieces
  1037 | D:2      | Reached XP level 4. HP: 40/40 MP: 3/3
  1366 | D:2      | Reached skill level 4 in Axes
  1575 | D:3      | Found Jups's Vocational Training.
  1605 | D:3      | Reached XP level 5. HP: 10/47 MP: 4/4
  2044 | D:3      | Noticed Ijyb
  2052 | D:3      | Killed Ijyb
  2206 | D:3      | Noticed Sigmund
  2214 | D:3      | Killed Sigmund
  2215 | D:3      | Reached skill level 5 in Fighting
  2215 | D:3      | Reached skill level 5 in Axes
  2215 | D:3      | Reached skill level 5 in Armour
  2215 | D:3      | Reached skill level 5 in Shields
  2215 | D:3      | Reached XP level 6. HP: 48/56 MP: 5/5
  2795 | D:4      | Found a shimmering blue altar of Sif Muna.
  2857 | D:4      | Reached skill level 6 in Axes
  3230 | D:4      | Reached XP level 7. HP: 61/61 MP: 6/6
  3508 | D:5      | Entered Level 5 of the Dungeon
  3523 | D:5      | Found a glowing drain.
  3543 | Sewer    | Entered a sewer
  4129 | D:5      | Found a staircase to the Ecumenical Temple.
  4143 | D:5      | Reached skill level 7 in Axes
  4149 | Temple   | Entered the Ecumenical Temple
  4163 | Temple   | Became a worshipper of Warmaster Okawaru
  4538 | D:5      | Reached XP level 8. HP: 49/70 MP: 7/7
  4918 | D:5      | Found a sparkling altar of Nemelex Xobeh.
  4998 | D:6      | Noticed Edmund
  5006 | D:6      | Killed Edmund
  5007 | D:6      | Reached skill level 8 in Axes
  5016 | D:6      | Reached * piety under Okawaru
  5046 | D:6      | Found a blossoming altar of Fedhas.
  5438 | D:6      | Reached skill level 9 in Axes
  5687 | D:6      | Noticed Eustachio
  5697 | D:6      | Killed Eustachio
  5697 | D:6      | Reached ** piety under Okawaru
  5698 | D:6      | Reached XP level 9. HP: 76/79 MP: 8/8
  5772 | D:6      | Found an ancient bone altar of Kikubaaqudgha.
  5819 | D:6      | Found a sacrificial altar of Ru.
  6214 | D:7      | Reached skill level 10 in Axes
  6671 | D:7      | Reached *** piety under Okawaru
  7033 | D:8      | Reached skill level 11 in Axes
  7118 | D:8      | Noticed a two-headed ogre
  7127 | D:8      | Killed a two-headed ogre
  7128 | D:8      | Reached XP level 10. HP: 35/90 MP: 6/9
  7694 | D:9      | Noticed a smoke demon
  7696 | D:9      | Noticed a smoke demon
  7702 | D:9      | Reached **** piety under Okawaru
  7704 | D:9      | Slain by an ice devil

Illustrated notes

Levels and vault maps discovered:
D:1:      minmay_arrival_five_plusses, layout_basic, serial_shops, shop,
          nicolae_shop_peninsula
D:2:      minmay_razor_zed, layout_basic, serial_shops, shop,
          minmay_misc_feat_tiny, minmay_cut_off
D:3:      layout_basic, nicolae_shop_vocational, uniq_sigmund, uniq_ijyb
D:4:      layout_cave_pods, mainiacjoe_overflow_chevrons
D:5:      layout_rooms, nemelex_dance_club_becter, minmay_temple_entry_waves,
          cheibrodos_sewer_entry_sluice
D:6:      corexii_shantytown, layout_basic, fedhas_altar_2,
          nicolae_ru_sacrificial_ziggurat, lemuel_zombie_altar_kikubaaqudgha,
          grunt_ministairs_1, amcnicky_mini_corridor_feature, uniq_edmund,
          uniq_eustachio
D:7:      layout_cave_pools, grunt_livestock, hangedman_decor_diamond_cutter
D:8:      layout_rooms
D:9:      minmay_the_grid_3x2 [minmay_the_grid_outer_circle,
          minmay_the_grid_paths, minmay_the_grid_all_tris,
          minmay_the_grid_outer_diamond, minmay_the_grid_medium_cups,
          minmay_the_grid_prize_diamond_cup], layout_small_grid
Temple:   nicolae_temple_x_marks_the_god

Skill      XL: |  1  2  3  4  5  6  7  8  9 10 |
---------------+-------------------------------+-----
Axes           | 3 4 5 6 7 9 11 | 11.8
Fighting       | 4 5 6 7 8 9 |  9.1
Armour         | 4 5 6 7 8 9 |  9.0
Shields        | 4 5 6 7 8 9 |  9.0

Action                     |  1- 3 |  4- 6 |  7- 9 | 10-12 || total
---------------------------+-------+-------+-------+-------++-------
  Melee: War axe           |    87 |    80 |   297 |    36 ||   500
         Headbutt          |    12 |    18 |    58 |    11 ||    99
  Throw: Boomerang         |       |       |     2 |       ||     2
 Invoke: Heroism           |       |       |     1 |     1 ||     2
  Evoke: Wand              |       |     4 |     1 |       ||     5
    Use: Scroll            |       |     5 |       |       ||     5
         Potion            |       |       |     1 |     2 ||     3
 Armour: Scale mail        |    55 |    64 |   205 |    47 ||   371
  Dodge: Dodged            |    31 |    41 |   114 |    24 ||   210
  Block: Buckler           |    23 |    14 |   156 |    29 ||   222
         Reflection        |       |       |     1 |     6 ||     7
